 Dungeon Crawl Stone Soup version 0.32-a0-913-g739538afd8 (webtiles) character file.

Game seed: 18258288133977269941

30256 SolCadguy the Carver (level 13, -3/113 HPs)
             Began as a Pale Draconian Reaver on Jan 14, 2024.
             Was an Elder of Makhleb.
             Slain by a tengu reaver
             ... wielding a +2 long sword of freezing
              (5 damage)
             ... on level 11 of the Dungeon on Apr 7, 2024.
             The game lasted 01:38:21 (21754 turns).

SolCadguy the Carver (Pale Draconian Reaver)       Turns: 21754, Time: 01:38:22

Health: -3/113     AC: 19    Str: 15    XL:     13   Next: 19%
Magic:  11/22      EV: 11    Int: 18    God:    Makhleb [****..]
Gold:   556        SH:  0    Dex: 10    Spells: 3/24 levels left

rFire   . . .        K - +7 scimitar
rCold   . . .        (no shield)
rNeg    . . .        (body armour unavailable)
rPois   .            (helmet restricted)
rElec   .            (no cloak)
rCorr   .            (no gloves)
SInv    .            (no boots)
Will    .....        z - amulet of the acrobat
Stlth   +            o - +4 ring of protection
HPRegen 0.38/turn    N - ring of wizardry
MPRegen 0.18/turn

%: acrobat, wizardry (x1)
@: mighty, ice-armoured, freezing walls
A: steam breath, AC +8, unfitting armour, cold-blooded, steam resistance
a: Steam Breath, Renounce Religion, Minor Destruction, Lesser Servant of
Makhleb, Major Destruction


You were on level 11 of the Dungeon.
You worshipped Makhleb.
Makhleb was greatly pleased with you.
You visited 3 branches of the dungeon, and saw 14 of its levels.

You collected 556 gold pieces.

Inventory:

Hand Weapons
 a - a +0 falchion
 g - a +0 shortbow
 n - a +0 shortbow of flaming
 s - a +0 long sword
 E - a +1 dagger of speed
 K - a +7 scimitar (weapon)
 O - a +0 scimitar of flaming
Missiles
 i - 135 stones (quivered)
 q - 58 poisoned darts
Armour
 y - an orb of mayhem
 L - an orb of energy
Magical Staves
 c - a staff of conjuration
Jewellery
 o - a +4 ring of protection (left hand)
 v - a ring of resist corrosion
 z - an amulet of the acrobat (around neck)
 H - a ring of willpower
 N - a ring of wizardry (right hand)
Talismans
 e - a flux talisman
Wands
 l - a wand of paralysis (14)
 A - a wand of mindburst (7)
 C - a wand of acid (5)
 D - a wand of flame (2)
 M - a wand of roots (5)
Scrolls
 d - a scroll of poison
 f - 2 scrolls of blinking
 h - 5 scrolls of teleportation
 m - a scroll of vulnerability
 p - 2 scrolls of revelation
 r - 2 scrolls of noise
 x - 2 scrolls of fog
 B - 2 scrolls of amnesia
 F - a scroll of torment
 J - a scroll of enchant armour
Potions
 b - a potion of magic
 j - 3 potions of cancellation
 k - 2 potions of haste
 t - 3 potions of brilliance
 u - a potion of lignification
 w - a potion of mutation
 G - a potion of might
 I - a potion of heal wounds
 P - 2 potions of curing
 Q - a potion of invisibility {unknown}


   Skills:
 + Level 10.2 Fighting
 - Level 14.0 Long Blades
 - Level 1.7 Dodging
 + Level 6.2 Spellcasting
 - Level 7.1 Conjurations
 + Level 3.5 Necromancy
 - Level 2.0 Translocations
 - Level 4.0 Fire Magic
 - Level 6.0 Ice Magic
 - Level 3.1 Alchemy
 + Level 9.7 Invocations
 - Level 2.3 Evocations


You had 3 spell levels left.
You knew the following spells:

 Your Spells              Type           Power      Damage    Failure   Level
a - Kiss of Death         Conj/Necr      96%        2d12      1%          1
b - Momentum Strike       Conj/Tloc      44%        3d9       1%          2
c - Hailstorm             Conj/Ice       29%        3d8       1%          3
d - Ozocubu's Armour      Ice            27%        N/A       1%          3
e - Blink                 Tloc           24%        N/A       3%          2
f - Sticky Flame          Fire/Alch      18%        2d6       11%         4
g - Frozen Ramparts       Ice            54%        1d9       1%          3
h - Fugue of the Fallen   Necr           18%        N/A       3%          3

Your spell library contained the following spells:

 Spells                   Type           Power      Damage    Failure   Level
 Ensorcelled Hibernation  Hex/Ice        32%        N/A       2%          2
 Lesser Beckoning         Tloc           24%        N/A       3%          2
 Summon Small Mammal      Summ           20%        N/A       4%          1
 Call Canine Familiar     Summ           5%         N/A       14%         3
 Ignite Poison            Fire/Alch      18%        N/A       11%         4
 Summon Blazeheart Golem  Fire/Summ      12%        N/A       21%         4
 Anguish                  Hex/Necr       6%         N/A       22%         4
 Arcjolt                  Conj/Air       9%         1d19      28%         5
 Vhi's Electric Charge    Tloc/Air       18%        N/A       30%         4
 Metabolic Englaciation   Hex/Ice        8%         N/A       34%         5
 Plasma Beam              Fire/Air       6%         2x1d16    95%         6
 Ignition                 Fire           10%        3d5       100%        8


Dungeon Overview and Level Annotations

Branches:
Dungeon (11/15)            Temple (1/1) D:5            Lair (2/5) D:8
 Shoals (0/4) Lair:2
  Snake: Lair:2-3    Spider: Lair:2-3       Orc: D:9-12

Altars:
Ashenzari
Cheibriados
Dithmenos
Elyvilon
Fedhas
Gozag
Hepliaklqana
Kikubaaqudgha
Makhleb
Nemelex Xobeh
Okawaru
Qazlal
Ru
Sif Muna
Trog
Uskayaw
Vehumet
Wu Jian
Xom
Yredelemnul
Zin
The Shining One

Annotations:
D:3 1 runed translucent door, Crazy Yiuf
D:11 2 transporters, jamsaran's ghost, journeyman TeSu
Lair:1 4 runed translucent doors, Daekhaa's ghost, journeyman GnSu; Nybb's ghost, journeyman TrWn


Innate Abilities, Weirdness & Mutations

You can breathe blasts of scalding, opaque steam.
Your pale cyan-grey scales are hard. (AC +8)
You cannot fit into any form of body armour.
You are cold-blooded and may be slowed by cold attacks.
You are immune to the effects of steam.


Message History

The centaur warrior wields a +0 orcbow.
The centaur warrior shoots an arrow.
The arrow hits you!
The tengu reaver is engulfed in a cloud of scalding steam.
The wall freezes the tengu reaver!
Casting: Hailstorm (safe; 1% risk of failure)
Confirm with . or Enter, or press ? or * to list all spells.
Aiming: Sticky Flame (dangerous; 11% risk of failure)
Press: ? - help, Shift-Dir - straight line, f/p - tengu reaver
Aim: a tengu reaver, wielding a +2 long sword of freezing, wearing a +0 scale mail and wearing a +2 buckler of poison resistance (steam, moderately wounded, repelling missiles)
The sticky flame hits the tengu reaver.
The tengu reaver is moderately wounded.
The tengu reaver burns!
The centaur warrior is engulfed in a cloud of scalding steam.
The wall freezes the centaur warrior.
The wall freezes the tengu reaver but does no damage.
The tengu reaver gestures at you while chanting.
The bolt of lightning hits you!!
You hear a shout!
You hear two shouts!
You hear a deafening roar!
You feel very mighty all of a sudden.
The tengu reaver burns!
The centaur warrior is engulfed in a cloud of scalding steam.
The wall freezes the centaur warrior.
The tengu reaver is engulfed in a cloud of scalding steam.
The wall freezes the tengu reaver!
The tengu reaver points at you and mumbles some strange words.
The bolt of acid hits you!!!
* * * LOW HITPOINT WARNING * * *
The centaur warrior is engulfed in a cloud of scalding steam.
The wall freezes the centaur warrior.
You completely miss the tengu reaver.
The tengu reaver is severely wounded.
The tengu reaver burns!
The wall freezes the deep elf pyromancer.
The centaur warrior is engulfed in a cloud of scalding steam.
The wall freezes the centaur warrior.
The tengu reaver is engulfed in a cloud of scalding steam.
The wall freezes the tengu reaver but does no damage.
The tengu reaver hits you but does no damage.
The tengu reaver pecks you.
You die...

###....### #...#..........#K)...
.........####..........Q...#...##
..........)##..............#'###
........).))#..§.#....(...##..
...........÷...§......(...# ..
.........................###..
................ce.........#
.............###Q###..>....#
............## #@# #########
#..........## #.## ##.##.....##
#..# ##.######## #..# #..# #..#
#..# #..# #..# #..# #..# #..#
#..# #..#


You could see a tengu reaver (repels missiles, burning), a centaur warrior and a
deep elf pyromancer.

Vanquished Creatures
  3 hydras
  2 catoblepae
  Erica (Lair:1)
  A two-headed ogre (D:5)
  A death yak (D:8)
  Urug (Lair:2)
  A manticore (D:11)
  2 merfolk sirens (Lair:2)
  7 cane toads
  4 black mambas
  An elephant (Lair:1)
  Jeremiah (D:6)
  A gargoyle (D:11)
  A rime drake (Lair:1)
  5 komodo dragons
  2 unseen horrors (D:11)
  A troll (D:11)
  2 merfolk (Lair:2)
  A polar bear (Lair:1)
  21 blink frogs
  A hornet (D:10)
  A dream sheep (Lair:1)
  A vampire (D:11)
  A shadow (D:10)
  A wraith (D:10)
  18 yaks
  2 wyverns
  3 vampire mosquitoes (D:10)
  3 basilisks
  A steam dragon (D:8)
  3 acid dragons
  11 water moccasins
  2 ice beasts
  7 orc warriors
  2 laughing skulls (D:11)
  4 black bears
  2 sky beasts (D:7)
  4 wolves (Lair:1)
  3 ogres
  4 centaurs
  A phantom (D:6)
  8 kobold brigands
  6 bullfrogs
  3 scorpions
  12 wights
  4 killer bees (D:8)
  A howler monkey (D:5)
  3 electric eels (D:10)
  3 bombardier beetles
  4 hounds
  4 orc priests
  A gnoll bouda (D:7)
  A jelly (D:6)
  8 orc wizards
  Natasha (thrice) (D:3)
  4 iguanas
  Robin (D:3)
  14 adders
  5 gnolls (D:7)
  A shadow imp (D:6)
  A white imp (D:7)
  2 ufetubi (D:6)
  A dart slug (D:2)
  2 ribbon worms (D:2)
  26 orcs
  6 bats
  9 endoplasms
  6 giant cockroaches
  13 goblins
  15 hobgoblins
  6 jackals
  5 quokkas
  2 ball pythons (D:3)
  8 frilled lizards
  45 kobolds
  4 rats
371 creatures vanquished.

Vanquished Creatures (collateral kills)
  A cane toad (Lair:1)
  5 yaks
  A bullfrog (Lair:1)
  2 kobolds (D:8)
9 creatures vanquished.

Vanquished Creatures (others)
  A blink frog (D:8)
  3 orcs (D:10)
4 creatures vanquished.

Grand Total: 384 creatures vanquished

Notes
Turn   | Place    | Note
-------+----------+-------------------------------------------
     0 | D:1      | SolCadguy the Draconian Reaver began the quest for the Orb.
     0 | D:1      | Reached XP level 1. HP: 17/17 MP: 3/3
   149 | D:1      | Reached XP level 2. HP: 24/24 MP: 5/5
   494 | D:1      | Reached skill level 4 in Long Blades
   638 | D:1      | Reached XP level 3. HP: 16/29 MP: 6/6
   689 | D:1      | Upgraded the game from 0.32-a0-7-ge934b4519a to
                  | 0.32-a0-909-gc671339a80
  1189 | D:2      | Found a sparkling altar of Nemelex Xobeh.
  1492 | D:2      | Reached skill level 5 in Long Blades
  1492 | D:2      | Reached XP level 4. HP: 29/33 MP: 7/7
  1511 | D:2      | Learned a level 2 spell: Momentum Strike
  2431 | D:3      | Noticed Natasha
  2441 | D:3      | Killed Natasha
  2442 | D:3      | Reached skill level 1 in Necromancy
  2442 | D:3      | Reached skill level 1 in Translocations
  2442 | D:3      | Reached XP level 5. HP: 25/31 MP: 6/8
  2479 | D:3      | Found a runed translucent door.
  2480 | D:3      | Noticed Crazy Yiuf
  2552 | D:3      | Found a faded altar of an unknown god.
  2553 | D:3      | Noticed an ogre
  2662 | D:3      | Killed an ogre
  2728 | D:3      | Found a snail-covered altar of Cheibriados.
  3005 | D:3      | Noticed Natasha
  3019 | D:3      | Killed Natasha
  3020 | D:3      | Reached XP level 6. HP: 37/42 MP: 9/9
  3035 | D:3      | Noticed Natasha
  3048 | D:3      | Killed Natasha
  3049 | D:3      | Reached skill level 6 in Long Blades
  3205 | D:3      | Noticed Robin
  3234 | D:3      | Killed Robin
  3902 | D:3      | Reached skill level 7 in Long Blades
  4235 | D:4      | Your scales start taking on a pale cyan-grey colour.
  4235 | D:4      | Reached XP level 7. HP: 24/53 MP: 2/10
  4235 | D:4      | Gained mutation: You are immune to the effects of steam.
                  | [Pale Draconian growth]
  4657 | D:4      | Found a stormy altar of Qazlal.
  4660 | D:4      | Found a blossoming altar of Fedhas.
  4842 | D:5      | Entered Level 5 of the Dungeon
  5257 | D:4      | Reached skill level 8 in Long Blades
  5873 | D:5      | Found a staircase to the Ecumenical Temple.
  5893 | D:5      | Reached skill level 9 in Long Blades
  5955 | D:5      | Noticed a two-headed ogre
  6029 | D:5      | Killed a two-headed ogre
  6030 | D:5      | Reached skill level 10 in Long Blades
  6030 | D:5      | Reached XP level 8. HP: 42/61 MP: 11/11
  6379 | D:5      | Reached skill level 11 in Long Blades
  6514 | D:5      | Found a white marble altar of Elyvilon.
  6881 | Temple   | Entered the Ecumenical Temple
  6929 | Temple   | Became a worshipper of Makhleb the Destroyer
  7653 | D:6      | Found a hide-covered altar of Uskayaw.
  7730 | D:6      | Reached XP level 9. HP: 54/68 MP: 12/12
  7738 | D:6      | Learned a level 3 spell: Hailstorm
  7908 | D:6      | Noticed Jeremiah
  7931 | D:6      | Killed Jeremiah
  8275 | D:6      | Learned a level 3 spell: Ozocubu's Armour
  8521 | D:7      | Reached skill level 5 in Conjurations
  8521 | D:7      | Reached skill level 1 in Ice Magic
  8773 | D:7      | Identified the +4 scale mail "Cusostru" {*Slow rPois rN+
                  | Int+5}
  9452 | D:7      | Reached * piety under Makhleb
  9702 | D:7      | Reached skill level 12 in Long Blades
 10204 | D:8      | Noticed a death yak
 10220 | D:8      | Noticed a komodo dragon
 11014 | D:9      | Reached XP level 10. HP: 33/66 MP: 13/13
 11375 | D:9      | Reached ** piety under Makhleb
 11899 | D:9      | Found a sparkling altar of Nemelex Xobeh.
 11915 | D:9      | Reached skill level 5 in Ice Magic
 11990 | D:9      | Reached skill level 1 in Invocations
 12151 | D:9      | Reached skill level 1 in Evocations
 12781 | D:10     | Entered Level 10 of the Dungeon
 12840 | D:10     | Found a hazy altar of Hepliaklqana.
 12990 | D:10     | Reached skill level 13 in Long Blades
 13042 | D:10     | Found a shimmering blue altar of Sif Muna.
 13044 | D:10     | Found an opulent altar of Gozag.
 13801 | D:11     | Noticed a manticore
 13815 | D:11     | Killed a manticore
 13816 | D:11     | Reached XP level 11. HP: 60/83 MP: 9/14
 13914 | D:11     | Learned a level 2 spell: Blink
 13946 | D:11     | Noticed a boulder beetle
 13948 | D:11     | Noticed a centaur warrior
 13949 | D:11     | Noticed jamsaran's ghost (journeyman TeSu)
 13952 | D:11     | Found a transporter.
 13960 | D:11     | Found a transporter.
 14045 | D:10     | Reached *** piety under Makhleb
 14326 | D:10     | Reached skill level 5 in Fighting
 14383 | D:10     | Found an ornate altar of the Wu Jian Council.
 15088 | D:8      | Found a staircase to the Lair.
 15169 | D:8      | Killed a death yak
 15172 | D:8      | Reached skill level 5 in Invocations
 15727 | Lair:1   | Entered Level 1 of the Lair of Beasts
 15728 | Lair:1   | Noticed a catoblepas
 15906 | D:8      | Killed a catoblepas
 16902 | Lair:1   | Reached **** piety under Makhleb
 16906 | Lair:1   | Noticed a six-headed hydra
 16914 | Lair:1   | Killed a six-headed hydra
 16915 | Lair:1   | Reached skill level 14 in Long Blades
 16915 | Lair:1   | Reached XP level 12. HP: 87/94 MP: 16/19
 16988 | Lair:1   | Reached skill level 5 in Spellcasting
 17854 | Lair:1   | Found a runed translucent gate.
 17855 | Lair:1   | Found a runed translucent gate.
 17858 | Lair:1   | Found a runed translucent gate.
 18079 | Lair:1   | Learned a level 4 spell: Sticky Flame
 18152 | Lair:1   | Noticed Erica
 18171 | Lair:1   | Killed Erica
 18172 | Lair:1   | Reached skill level 1 in Fire Magic
 18417 | Lair:1   | Found a runed translucent door.
 18498 | Lair:1   | Noticed Daekhaa's ghost (journeyman GnSu)
 18498 | Lair:1   | Noticed Daekhaa's ghost (journeyman GnSu)
 18499 | Lair:1   | Noticed Nybb's ghost (journeyman TrWn)
 18593 | Lair:1   | Noticed a four-headed hydra
 18609 | Lair:1   | Killed a one-headed hydra
 18745 | Lair:1   | Learned a level 3 spell: Frozen Ramparts
 18951 | Lair:1   | Learned a level 3 spell: Fugue of the Fallen
 18951 | Lair:1   | Upgraded the game from 0.32-a0-909-gc671339a80 to
                  | 0.32-a0-913-g739538afd8
 19147 | Lair:2   | Found a staircase to the Shoals.
 19611 | Lair:2   | Noticed Urug
 19624 | Lair:2   | Killed Urug
 19625 | Lair:2   | Reached skill level 1 in Alchemy
 20050 | Lair:2   | Reached XP level 13. HP: 113/113 MP: 19/22
 20204 | Lair:2   | Reached skill level 10 in Fighting
 21728 | D:11     | Noticed a tengu reaver
 21753 | D:11     | HP: 2/113 [tengu reaver/bolt of acid (47)]
 21754 | D:11     | Slain by a tengu reaver

Illustrated notes

Levels and vault maps discovered:
D:1:      tarquinn_simple_flora_water_d, layout_basic
D:2:      layout_basic, basic_altar, serial_bayou, serial_bayou_pond_c,
          serial_bayou_pond_b, serial_bayou_pond_d, serial_bayou_pond_b
D:3:      layout_loops_ring, cheibriados_altar_1,
          shapermc_ecumenical_altar_notcrosses, uniq_natasha,
          uniq_crazy_yiuf_cottage, uniq_robin
D:4:      layout_cave_pools, grunt_temple_overflow_forces_of_nature,
          grunt_decor_junction, minmay_misc_feat_five
D:5:      layout_cave_pods, nicolae_elyvilon_temple_path,
          minmay_temple_entry_glassed_door
D:6:      layout_gridville, kennysheep_mini, uniq_jeremiah
D:7:      layout_basic
D:8:      layout_cave_pools, dpeg_lair_monsters
D:9:      layout_loops_ring, nemelex_diamond_rough_becter, serial_bayou_crossing
D:10:     layout_gridville, mainiacjoe_overflow_small_starburst,
          mainiacjoe_overflow_paths, chequers_temple_overflow_statue_of_worship,
          serial_bayou_lagoon_b
D:11:     layout_cave_pods, gammafunk_ghost_arena, nicolae_rejected_hall
Temple:   minmay_temple_forest_path
Lair:1:   gammafunk_lair_enchanted_lake, layout_gridlike,
          gammafunk_ghost_cemetery, minmay_shattered_shrine, uniq_erica
Lair:2:   layout_roguey, elwin_shoals_entry_stream, uniq_urug

Skill      XL: |  1  2  3  4  5  6  7  8  9 10 11 12 13 |
---------------+----------------------------------------+-----
Long Blades    | 4 5 7 10 11 12 13 14 | 14.0
Necromancy     | 1 2 3 |  3.5
Translocations | 1 2 |  2.0
Conjurations   | 4 6 7 |  7.1
Ice Magic      | 4 6 |  6.0
Invocations    | 3 6 9 |  9.7
Evocations     | 2 |  2.3
Fighting       | 4 7 9 10 | 10.2
Spellcasting   | 4 6 |  6.2
Fire Magic     | 4 |  4.0
Alchemy        | 2 3 |  3.1
Dodging        | |  1.7

Action                     |  1- 3 |  4- 6 |  7- 9 | 10-12 | 13-15 || total
---------------------------+-------+-------+-------+-------+-------++-------
  Melee: Falchion          |   167 |   287 |     7 |       |       ||   461
         Tailslap          |    15 |    38 |    33 |    95 |    16 ||   197
         Long sword        |       |       |   203 |       |       ||   203
         Scimitar          |       |       |    90 |   646 |    75 ||   811
  Throw: Stone             |       |     7 |     7 |     3 |     5 ||    22
         Dart              |       |     6 |    66 |    51 |    15 ||   138
   Cast: Kiss of Death     |     2 |     4 |     3 |     6 |       ||    15
         Momentum Strike   |       |     9 |    14 |    14 |     1 ||    38
         Hailstorm         |       |       |     5 |    24 |     5 ||    34
         Ozocubu's Armour  |       |       |       |    39 |    10 ||    49
         Blink             |       |       |       |     2 |     1 ||     3
         Fugue of the Fall |       |       |       |     5 |     1 ||     6
         Frozen Ramparts   |       |       |       |     4 |     4 ||     8
         Sticky Flame      |       |       |       |     1 |     5 ||     6
 Invoke: Minor Destruction |       |       |       |    20 |     1 ||    21
         Lesser Servant of |       |       |       |     5 |     1 ||     6
         Major Destruction |       |       |       |     1 |     1 ||     2
Ability: Steam Breath      |       |       |     7 |    13 |     1 ||    21
  Evoke: Wand              |       |       |       |    11 |       ||    11
    Use: Scroll            |       |     2 |     8 |    13 |     1 ||    24
         Potion            |       |     2 |     7 |     5 |     1 ||    15
   Stab: Sleeping          |     1 |       |       |       |       ||     1
 Armour: Skin              |   101 |   202 |   264 |   493 |    85 ||  1145
  Dodge: Dodged            |   123 |   141 |   233 |   271 |    34 ||   802
   Form: Flux              |       |     2 |       |       |       ||     2
                           |       |     1 |       |       |       ||     1

Table legend: (Time is in decaauts)
 A = Elapsed time spent in this place.
 B = Non-inter-level travel time spent in this place.
 C = Inter-level travel time spent in this place.
 D = Time resting spent in this place.
 E = Time spent auto-exploring this place.
 F = Levels seen in this place.
 G = Mean time per level.
                   A        B        C        D        E       F      G
               +--------+--------+--------+--------+--------+-----+--------+
         Total |  21579 |  20529 |   1050 |   7898 |   8230 |  14 | 1541.4 |
       Dungeon |  17399 |  16475 |    924 |   6293 |   6576 |  11 | 1581.7 |
        Temple |     91 |     49 |     42 |      0 |      0 |   1 |   91.0 |
          Lair |   4089 |   4006 |     83 |   1605 |   1653 |   2 | 2044.5 |
               +--------+--------+--------+--------+--------+-----+--------+

Top non-repeatable levels by time:
  Lair:1: 2465 daAuts
     D:8: 2029 daAuts
     D:9: 2027 daAuts
     D:7: 1973 daAuts
  Lair:2: 1623 daAuts
     D:4: 1589 daAuts
     D:2: 1559 daAuts
     D:3: 1540 daAuts
    D:10: 1520 daAuts
     D:5: 1518 daAuts
    D:11: 1515 daAuts
     D:6: 1131 daAuts
     D:1: 992 daAuts
  Temple: 91 daAuts
